 Dungeon Crawl Stone Soup version 0.26-b1-32-g5d43845318 (webtiles) character file.

Game seed: 4817091497010264667

612 Aviak the Skirmisher (level 7, -1/55 HPs)
             Began as a Minotaur Fighter on Jan 9, 2021.
             Was an Initiate of Okawaru.
             Slain by Sigmund
             ... wielding a +4 scythe of freezing
              (2 damage)
             ... on level 4 of the Dungeon.
             The game lasted 00:03:21 (3168 turns).

Aviak the Skirmisher (Minotaur Fighter)             Turns: 3168, Time: 00:03:22

Health: -1/55      AC: 12    Str: 21 (23) XL:     7   Next: 20%
Magic:  6/6        EV:  8    Int:  4 (5)  God:    Okawaru [......]
Gold:   173        SH:  0    Dex:  7 (9)  Spells: 6/6 levels left

rFire    . . .     SeeInvis .   a - +0 war axe
rCold    . . .     Faith    .   c - +0 kite shield
rNeg     . . .     Spirit   .   b - +0 scale mail
rPois    .         Reflect  .   (helmet restricted)
rElec    .         Harm     .   f - +0 cloak
rCorr    .         Rampage  .   t - +0 pair of gloves
Will     +....                  r - +1 pair of boots
Stlth    ..........             (no amulet)
HPRegen  0.18/turn              s - ring of flight
MPRegen  0.10/turn              (no ring)

@: confused, flying
A: retaliatory headbutt, beak, horns 2, frail 1, strong-willed 1
a: Renounce Religion


You were on level 4 of the Dungeon.
You worshipped Okawaru.
Okawaru was noncommittal.
You visited 2 branches of the dungeon, and saw 5 of its levels.

You collected 173 gold pieces.

Inventory:

Hand Weapons
 a - a +0 war axe (weapon)
Armour
 b - a +0 scale mail (worn)
 c - a +0 kite shield (worn)
 f - a +0 cloak (worn)
 g - a +0 tower shield
 r - a +1 pair of boots (worn)
 t - a +0 pair of gloves (worn)
Jewellery
 s - a ring of flight (left hand)
Scrolls
 e - 2 scrolls of enchant weapon {unknown}
 h - a scroll of immolation {unknown}
 k - 3 scrolls of teleportation {unknown}
 n - 4 scrolls of identify {unknown}
 o - a scroll of fear {unknown}
 q - a scroll of amnesia {unknown}
 u - 2 scrolls of remove curse {unknown}
 w - a scroll of enchant armour {unknown}
Potions
 d - 2 potions of might
 j - a potion of heal wounds {unknown}
 l - 3 potions of flight
 p - a potion of lignification {unknown}
 v - a potion of attraction {unknown}


   Skills:
 + Level 5.9 Fighting
 + Level 5.1 Axes
 + Level 5.9 Armour
 + Level 5.9 Shields


You had 6 spell levels left.
You didn't know any spells.
Your spell library was empty.

Dungeon Overview and Level Annotations

Branches:
Dungeon (4/15)             Temple (1/1) D:4

Altars:
Cheibriados
Dithmenos
Hepliaklqana
Kikubaaqudgha
Makhleb
Okawaru
Qazlal
Ru
Sif Muna
Trog
Vehumet
Yredelemnul
Zin
The Shining One

Annotations:
D:4 Sigmund


Innate Abilities, Weirdness & Mutations

You reflexively headbutt those who attack you in melee.
You have a pair of horns on your head.
You have a beak for a mouth.
You are frail. (-10% HP)
You are strong-willed. (Will+)


Message History

The hobgoblin barely misses you. Something hits you but does no damage.
It was a potion of mutation.
You feel extremely strange.
You feel frail.
Your mouth lengthens and hardens into a beak!
You feel strong-willed.
The jackal bites you but does no damage.
The hobgoblin hits you from afar with a +0 scythe!
* * * LOW HITPOINT WARNING * * *
The hobgoblin hits you from afar with a +0 scythe.
* * * LOW HITPOINT WARNING * * *
It was a potion of degeneration.
There was something very wrong with that liquid.
You feel weakened.
You feel dopey.
You feel clumsy. The jackal closely misses you.
The hobgoblin hits you with a +0 scythe.
* * * LOW HITPOINT WARNING * * *
Something hits you.
* * * LOW HITPOINT WARNING * * *
Something freezes you.
You die... #.. ..# ##........# #.##.# ##.........# ##.#.# #..........###....#### +.........+.........[. #.......!.####....#### #...g...# ##.#.# #{)hgg#

###.## #.@†#
####....# ##'###
#...P.#.#
###...####.......#
#.......##..>...##
###.##.##[##..P...#
##...#...#..#P.P.P##
..(.......)......##
#......_)...######
#.#.........#


You could see a jackal and 3 hobgoblins.

Vanquished Creatures
  An ogre (D:4)
  A scorpion (D:4)
  2 vampire bats (D:4)
  A hound (D:4)
  An orc priest (D:4)
  A bullfrog skeleton (D:3)
  An orc wizard (D:4)
  2 iguanas (D:4)
  2 worker ants (D:4)
  A hound skeleton (D:4)
  Robin (D:2)
  4 adders
  An adder skeleton (D:4)
  3 worms
  2 dart slugs
  2 leopard geckos (D:1)
  7 orcs (D:4)
  12 bats
  2 giant cockroaches
  20 goblins
  6 hobgoblins
  16 jackals
  5 kobolds
  A quokka (D:2)
  A ball python (D:4)
  4 frilled lizards
  14 rats
114 creatures vanquished.

Vanquished Creatures (others)
  2 plants (D:4)
2 creatures vanquished.

Grand Total: 116 creatures vanquished

Notes
Turn   | Place    | Note
-------+----------+-------------------------------------------
     0 | D:1      | Aviak the Minotaur Fighter began the quest for the Orb.
     0 | D:1      | Reached XP level 1. HP: 19/19 MP: 0/0
   114 | D:1      | Reached XP level 2. HP: 27/27 MP: 1/1
   401 | D:1      | Reached XP level 3. HP: 33/33 MP: 2/2
   585 | D:2      | Found a shadowy altar of Dithmenos.
   714 | D:2      | Noticed Robin
   732 | D:2      | Killed Robin
  1123 | D:2      | Found a hazy altar of Hepliaklqana.
  1220 | D:2      | Reached XP level 4. HP: 40/40 MP: 3/3
  1755 | D:3      | Reached XP level 5. HP: 47/47 MP: 4/4
  2240 | D:4      | Reached skill level 5 in Fighting
  2242 | D:4      | Reached skill level 5 in Armour
  2242 | D:4      | Reached skill level 5 in Shields
  2343 | D:4      | Reached XP level 6. HP: 56/56 MP: 5/5
  2819 | D:4      | Found a staircase to the Ecumenical Temple.
  2836 | Temple   | Entered the Ecumenical Temple
  3044 | D:4      | Found an iron altar of Okawaru.
  3055 | D:4      | Reached XP level 7. HP: 54/62 MP: 6/6
  3060 | D:4      | Became a worshipper of Warmaster Okawaru
  3082 | D:4      | Reached skill level 5 in Axes
  3154 | D:4      | Noticed Sigmund
  3167 | D:4      | Gained mutation: You are frail. (-10% HP) [potion of
                  | mutation]
  3167 | D:4      | Gained mutation: You have a beak for a mouth. [potion of
                  | mutation]
  3167 | D:4      | Gained mutation: You are strong-willed. (Will+) [potion of
                  | mutation]
  3168 | D:4      | HP: 1/55 [something (5)]
  3168 | D:4      | Slain by Sigmund

Illustrated notes

Levels and vault maps discovered:
D:1:      wander_arrival_lonely_grave, layout_rooms,
          corexii_item_surrounded_by_moat
D:2:      layout_basic, general_overflow_altar, nicolae_overflow_crystal_walls,
          minmay_misc_feat_encased, uniq_robin
D:3:      layout_loops_ring, hangedman_decor_clover_reticule
D:4:      layout_loops_corners, okawaru_gym_becter,
          minmay_temple_entry_overgrown, roderic_batcave, sigmund_army
Temple:   minmay_temple_curvy_loop

Skill      XL: |  1  2  3  4  5  6  7 |
---------------+----------------------+-----
Armour         | 4 5 |  5.9
Fighting       | 4 5 |  5.9
Shields        | 4 5 |  5.9
Axes           | 3 4 5 |  5.1

Action                   |  1- 3 |  4- 6 |  7- 9 || total
-------------------------+-------+-------+-------++-------
Melee: War axe           |    82 |   122 |    33 ||   237
       Headbutt          |    11 |    17 |     8 ||    36
  Use: Potion            |       |       |     3 ||     3
Armor: Scale mail        |    50 |    74 |    19 ||   143
Dodge: Dodged            |    38 |    45 |    27 ||   110
Block: Kite shield       |    61 |    70 |    24 ||   155
